 Dungeon Crawl Stone Soup version 0.24-a0-170-gd8427f5 (webtiles) character file.

Game seed: 7102729824254986717

490 Borgoz the Cudgeler (level 7, -1/44 HPs)
             Began as a Gargoyle Gladiator on Mar 8, 2019.
             Killed by divine providence
             ... invoked by an orc priest
              (11 damage)
             ... on level 4 of the Dungeon.
             The game lasted 00:05:23 (4127 turns).

Borgoz the Cudgeler (Gargoyle Gladiator)            Turns: 4127, Time: 00:05:24

Health: -1/44      AC: 11    Str: 22    XL:     7   Next: 14%
Magic:  7/7        EV: 14    Int: 11    God:
Gold:   215        SH:  0    Dex: 16    Spells: 6/6 levels left

rFire    . . .     SeeInvis .   a - +0 flail
rCold    . . .     Gourm    .   (no shield)
rNeg     + . .     Faith    .   n - +1 animal skin
rPois    ∞         Spirit   .   m - +2 helmet
rElec    +         Reflect  .   (no cloak)
rCorr    .         Harm     .   (no gloves)
MR       .....                  (no boots)
Stlth    +.........             (no amulet)
HPRegen  0.14/turn              c - +5 ring of dexterity
MPRegen  0.10/turn              (no ring)

@: mighty
A: negative energy resistance 1, electricity resistance, unbreathing,
petrification resistance, rot immunity, AC +4
a: no special abilities


You were on level 4 of the Dungeon.
You were near starving.

You visited 1 branch of the dungeon, and saw 5 of its levels.

You collected 215 gold pieces.

Inventory:

Hand Weapons
 a - a +0 flail (weapon)
Missiles
 d - 3 throwing nets (quivered)
 q - 13 poisoned needles
Armour
 m - a +2 helmet (worn)
 n - a +1 animal skin (worn)
Jewellery
 c - a +5 ring of dexterity (left hand)
Wands
 u - a wand of flame (14)
Scrolls
 b - a scroll of noise {unknown}
 g - 2 scrolls of magic mapping {unknown}
 i - a scroll of enchant armour {unknown}
 k - 2 scrolls of remove curse {unknown}
 o - a scroll of fog {unknown}
 r - 2 scrolls of enchant weapon {unknown}
 v - a scroll of teleportation {unknown}
Potions
 e - a potion of mutation
 h - a potion of might
 l - a potion of flight {unknown}
 p - a potion of heal wounds {unknown}
 s - a potion of haste {unknown}
 t - 2 potions of curing {unknown}
Comestibles
 f - 10 rations


   Skills:
 + Level 4.5 Fighting
 + Level 4.6 Maces & Flails
 - Level 1.7 Throwing
 + Level 3.6 Armour
 + Level 3.8 Dodging


You had 6 spell levels left.
You didn't know any spells.
Your spell library was empty.

Dungeon Overview and Level Annotations

Branches:
Dungeon (5/15)
 Temple: D:4-7

Altars:
Elyvilon
Hepliaklqana
Nemelex Xobeh
Qazlal
Ru
Sif Muna
Trog
Uskayaw
Yredelemnul
The Shining One


Innate Abilities, Weirdness & Mutations

You are resistant to torment.
Your stone body is resilient. (AC +4)
You are immune to poison.
You resist negative energy. (rN+)
You are resistant to electric shocks. (rElec)
You can survive without breathing.
You are immune to petrification.
You are immune to rotting.


Message History

You barely miss the orc. The orc barely misses you.
The orc priest casts a cantrip, but nothing happens.
You sock the orc!
You kill the orc!
You sock the orc priest!
The orc priest is severely wounded.
The orc priest hits you but does no damage.
The orc priest mumbles some strange prayers to Beogh against you.
Beogh smites you!
* * * LOW HITPOINT WARNING * * *
You barely miss the orc priest.
The orc priest is severely wounded.
The orc priest hits you but does no damage.
You sock the orc priest!
You kill the orc priest!
The orc priest mumbles some strange prayers to Beogh against you.
You struggle to resist.
The orc priest invokes the aid of Beogh against you.
Beogh smites you!
You die...

.###..........##
.# #.#####.....#
[###.#####.###.#
...........# #.#
############ #.#
# #.# # #.# #
##.#####%## #
#...@os...# #
#..###.....# #
#..# ....# .
....# ...#
####.. ... ###
.# # # # #


You could see a scorpion and an orc priest.

Vanquished Creatures
  An ice beast (D:5)
  A phantom (D:4)
  A jelly (D:5)
  An orc priest (D:4)
  An iguana (D:5)
  A hound skeleton (D:4)
  Robin (D:2)
  6 gnolls (D:5)
  3 adders
  2 oozes (D:1)
  An adder skeleton (D:2)
  2 worms
  2 dart slugs
  A leopard gecko (D:3)
  13 orcs
  11 bats
  3 giant cockroaches
  9 goblins
  7 hobgoblins
  10 jackals
  A quokka (D:5)
  4 frilled lizards
  4 kobolds (D:1)
  A quokka skeleton (D:4)
  6 rats
93 creatures vanquished.

Notes
Turn   | Place    | Note
-------+----------+-------------------------------------------
     0 | D:1      | Borgoz the Gargoyle Gladiator began the quest for the Orb.
     0 | D:1      | Reached XP level 1. HP: 12/12 MP: 1/1
    59 | D:1      | Reached XP level 2. HP: 18/18 MP: 2/2
   151 | D:1      | Reached skill level 1 in Armour
   351 | D:1      | Reached XP level 3. HP: 22/22 MP: 3/3
   837 | D:2      | Found a hazy altar of Hepliaklqana.
   903 | D:2      | Noticed Robin
   913 | D:2      | Killed Robin
   913 | D:2      | Reached XP level 4. HP: 28/28 MP: 4/4
  1056 | D:2      | Found a hide-covered altar of Uskayaw.
  1056 | D:2      | Found a sparkling altar of Nemelex Xobeh.
  1057 | D:2      | Found a bloodstained altar of Trog.
  1068 | D:2      | Found a glowing golden altar of the Shining One.
  1730 | D:3      | Found a deep blue altar of Sif Muna.
  2512 | D:3      | Reached XP level 5. HP: 16/32 MP: 5/5
  2963 | D:4      | Found a stormy altar of Qazlal.
  2963 | D:4      | Found a sacrificial altar of Ru.
  3065 | D:4      | Noticed a phantom
  3072 | D:5      | Entered Level 5 of the Dungeon
  3388 | D:5      | Found a basalt altar of Yredelemnul.
  3448 | D:5      | Found a white marble altar of Elyvilon.
  3632 | D:5      | Noticed an ice beast
  3655 | D:5      | Killed an ice beast
  3655 | D:5      | Reached XP level 6. HP: 10/38 MP: 6/6
  4069 | D:4      | Noticed a phantom
  4094 | D:4      | Killed a phantom
  4094 | D:4      | Reached XP level 7. HP: 36/44 MP: 7/7
  4127 | D:4      | Killed from afar by an orc priest

Levels and vault maps discovered:
D:1:      lightli_arrival_statue_moat, layout_basic, minmay_tetromino_i4
D:2:      layout_loops_corners, nicolae_overflow_quartered_altars,
          lemuel_round_altar, first_ration, uniq_robin
D:3:      layout_basic, led_sif_book
D:4:      layout_loops_ring, chequers_temple_overflow_statue_of_worship,
          okawaru_trees_1
D:5:      layout_loops_ring, kennysheep_ying_yang

Skill      XL: |  1  2  3  4  5 |
---------------+----------------+-----
Armour         | 1 2 3 |  3.6
Fighting       | 3 4 |  4.5
Dodging        | 3 |  3.8
Maces & Flails | 4 |  4.6
Throwing       | |  1.7

Action                   |  1- 3 |  4- 6 |  7- 9 || total
-------------------------+-------+-------+-------++-------
Melee: Flail             |   106 |   199 |    16 ||   321
  Use: Scroll            |       |     3 |       ||     3
       Potion            |       |     1 |     1 ||     2
 Stab: Sleeping          |       |     2 |       ||     2
  Eat: Chunk             |       |     9 |       ||     9
Armor: Leather armour    |    46 |     5 |       ||    51
       Animal skin       |       |    97 |     4 ||   101
Dodge: Dodged            |    80 |   157 |    10 ||   247

Table legend:
 A = Non-vault XP
 B = Vault XP
 C = Vault XP percentage of total XP
 D = Non-vault monster count
 E = Vault monster count
 F = Vault count percentage of total count
                 A         B        C        D         E       F
            +---------+---------+-------+---------+---------+-------
      Total |     668 |      32 |   4.6 |      82 |      11 |  11.8
            +---------+---------+-------+---------+---------+-------
        D:1 |      39 |       5 |  11.4 |      16 |       4 |  20.0
        D:2 |      45 |      27 |  37.5 |      16 |       7 |  30.4
        D:3 |      71 |       0 |   0.0 |      28 |       0 |   0.0
        D:4 |     210 |       0 |   0.0 |       9 |       0 |   0.0
        D:5 |     303 |       0 |   0.0 |      13 |       0 |   0.0
            +---------+---------+-------+---------+---------+-------
